 Dungeon Crawl Stone Soup version 0.25-a0-700-g7f8a7979f0 (webtiles) character file.

Game seed: 3094172322509599033, levelgen mode: deterministic

934 Ashen the Magician (level 7, -1/53 HPs)
             Began as a Mummy Summoner on Apr 2, 2020.
             Was an Initiate of Ashenzari.
             Slain by a hippogriff (3 damage)
             ... on level 7 of the Dungeon.
             The game lasted 00:26:52 (8528 turns).

Ashen the Magician (Mummy Summoner)                 Turns: 8528, Time: 00:26:52

Health: -1/53      AC:  5    Str: 12    XL:     7   Next: 86%
Magic:  7/15       EV: 13    Int: 16    God:    Ashenzari [......]
Gold:   269        SH:  4    Dex: 12    Spells: 8/17 levels left

rFire    . . .     SeeInvis .   i - +1 dagger (venom) (curse)
rCold    . . .     Gourm    .   (no shield)
rNeg     + + +     Faith    .   a - +1 robe
rPois    ∞         Spirit   .   (no helmet)
rElec    .         Reflect  +   (no cloak)
rCorr    .         Harm     .   m - +0 pair of gloves (curse)
MR       .....                  r - +0 pair of boots (curse)
Stlth    ++........             n - +4 amulet of reflection (curse)
HPRegen  0.17/turn              q - ring of fire
MPRegen  0.14/turn              (no ring)

@: no status effects
A: no food or potions, fire vulnerability, cold resistance 1, negative energy
resistance 3, torment resistance, unbreathing
a: Curse Item, Renounce Religion


You were on level 7 of the Dungeon.
You worshipped Ashenzari.
Ashenzari was noncommittal.
You were not hungry.

You visited 2 branches of the dungeon, and saw 8 of its levels.

You collected 269 gold pieces.

Inventory:

Hand Weapons
 i - a cursed +1 dagger of venom (weapon)
 j - a +1 dagger of electrocution
 t - a +2 dagger of draining
Armour
 a - a +1 robe (worn)
 c - a +0 tower shield
 m - a cursed +0 pair of gloves (worn)
 p - a cursed +0 leather armour
 r - a cursed +0 pair of boots (worn)
Jewellery
 n - a cursed +4 amulet of reflection (around neck)
 q - a ring of fire (left hand)
Wands
 k - a wand of acid (25)
 l - a wand of enslavement (5)
 o - a wand of random effects (24)
Scrolls
 b - 2 scrolls of identify
 d - a scroll of amnesia
 e - a scroll of fear
 f - a scroll of fog
 g - a scroll of random uselessness
 h - a scroll of remove curse
 s - a scroll of blinking
 u - a scroll of teleportation
 v - a scroll of brand weapon {unknown}


   Skills:
 + Level 3.9 Fighting
 + Level 3.8 Dodging
 - Level 3.0 Stealth
 + Level 5.8 Spellcasting
 + Level 4.8 Summonings


You had 8 spell levels left.
You knew the following spells:

 Your Spells              Type           Power        Failure   Level  Hunger
a - Summon Small Mammal   Summ           ###.         1%          1    N/A
b - Call Imp              Summ           ###.....     3%          2    N/A
c - Call Canine Familiar  Summ           ###.....     6%          3    N/A
d - Summon Guardian Gole  Hex/Summ       ##......     16%         3    N/A

Your spell library contained the following spells:

 Spells                   Type           Power        Failure   Level  Hunger
 Summon Ice Beast         Ice/Summ       ##......     45%         4    N/A
 Summon Lightning Spire   Summ/Air       ##......     45%         4    N/A

Dungeon Overview and Level Annotations

Branches:
Dungeon (7/15)             Temple (1/1) D:4

Altars:
Ashenzari
Cheibriados
Dithmenos
Elyvilon
Fedhas
Gozag
Kikubaaqudgha
Nemelex Xobeh
Ru
Sif Muna
Wu Jian
Xom
Zin
The Shining One

Shops:
D:7 *

Annotations:
D:6 2 runed translucent doors, MisterT's ghost, novice CeHu


Innate Abilities, Weirdness & Mutations

You do not eat or drink.
Your flesh is vulnerable to fire.
You are immune to poison.
Your flesh is cold resistant. (rC+)
You are immune to negative energy. (rN+++)
You are immune to unholy pain and torment.
You can survive without breathing.


Message History

The hippogriff bites you but does no damage.
The hippogriff pecks you. The hippogriff closely misses you.
Your hound bites the hippogriff.
Your crimson imp blinks!
Your hound bites the hippogriff.
Casting: Call Imp (safe; 3% risk of failure)
Confirm with . or Enter, or press ? or * to list all spells.
A beastly little devil appears in a puff of flame.
Your hound bites the hippogriff.
The hippogriff bites you but does no damage.
The hippogriff misses you. The hippogriff claws you.
* * * LOW HITPOINT WARNING * * *
Your hound bites the hippogriff.
You barely miss the hippogriff.
The hippogriff is severely wounded.
Your hound closely misses the hippogriff.
The hippogriff bites you!
* * * LOW HITPOINT WARNING * * *
The hippogriff pecks you.
You die...

####### #####.....#
#...#....# #...#..@.#
######...#..H.##
.........#..h55##
.........#..5...#+##
........†#.........# .
######...#.<.......# ..
#........∩........#
...##.........#########
..............#


You could see a hippogriff, a friendly hound and 3 friendly crimson imps.

Vanquished Creatures
  An orc warrior (D:6)
  A bullfrog (D:7)
  A howler monkey (D:5)
  A crimson imp (D:6)
  A bullfrog zombie (D:7)
  A jelly (D:6)
  2 orc priests
  A hound (D:6)
  An iguana (D:3)
  4 orc wizards
  4 worker ants
  A hound skeleton (D:5)
  3 gnolls (D:3)
  4 adders
  An ooze (D:1)
  A worm (D:2)
  2 dart slugs
  A leopard gecko (D:1)
  13 orcs
  3 goblins
  3 hobgoblins
  A jackal (D:1)
  6 kobolds
  A quokka (D:1)
  A ball python (D:2)
  A bat (D:3)
  2 frilled lizards (D:2)
  A quokka skeleton (D:5)
  10 rats
73 creatures vanquished.

Vanquished Creatures (collateral kills)
  A scorpion (D:4)
  4 orc wizards
  A bullfrog skeleton (D:5)
  2 orc priests
  A worker ant (D:4)
  2 adders
  2 worms (D:2)
  2 dart slugs
  7 orcs
  3 bats
  7 giant cockroaches
  5 goblins
  4 hobgoblins
  5 jackals
  2 kobolds
  3 quokkas
  A ball python (D:1)
  3 frilled lizards (D:2)
  6 rats
61 creatures vanquished.

Grand Total: 134 creatures vanquished

Notes
Turn   | Place    | Note
-------+----------+-------------------------------------------
     0 | D:1      | Ashen the Mummy Summoner began the quest for the Orb.
     0 | D:1      | Reached XP level 1. HP: 13/13 MP: 4/4
   875 | D:1      | Reached XP level 2. HP: 16/19 MP: 2/5
   990 | D:1      | Reached skill level 3 in Spellcasting
  1710 | D:1      | Learned a level 2 spell: Call Imp
  2149 | D:1      | Reached XP level 3. HP: 25/25 MP: 3/7
  2188 | D:1      | Learned a level 3 spell: Call Canine Familiar
  2364 | D:2      | Found a glowing silver altar of Zin.
  2364 | D:2      | Found a white marble altar of Elyvilon.
  2771 | D:2      | Reached skill level 1 in Fighting
  3373 | D:3      | Reached XP level 4. HP: 28/32 MP: 9/9
  4025 | D:3      | Reached XP level 5. HP: 24/37 MP: 1/10
  4439 | D:3      | Reached skill level 4 in Spellcasting
  5033 | D:4      | Found a staircase to the Ecumenical Temple.
  5076 | Temple   | Entered the Ecumenical Temple
  5110 | Temple   | Became a worshipper of Ashenzari the Shackled
  5170 | D:4      | Found a blossoming altar of Fedhas.
  5297 | D:4      | Reached XP level 6. HP: 36/44 MP: 12/12
  5709 | D:4      | Found a shadowy altar of Dithmenos.
  5710 | D:4      | Found a shimmering blue altar of Sif Muna.
  6051 | D:5      | Entered Level 5 of the Dungeon
  6394 | D:5      | Learned a level 3 spell: Summon Guardian Golem
  6821 | D:5      | Reached XP level 7. HP: 31/52 MP: 14/14
  6829 | D:5      | Reached skill level 5 in Spellcasting
  8089 | D:6      | Found a large runed translucent door.
  8093 | D:6      | Found a large runed translucent door.
  8093 | D:6      | Noticed MisterT's ghost (novice CeHu)
  8301 | D:7      | Found Byteink's General Store.
  8332 | D:7      | Noticed a hippogriff
  8528 | D:7      | HP: 2/53 [hippogriff (11)]
  8528 | D:7      | Slain by a hippogriff

Levels and vault maps discovered:
D:1:      onia_arrival_larder, layout_basic, nrook_loot_triangle
D:2:      layout_loops_cross, grunt_temple_overflow_open
D:3:      layout_loops_ring, first_ration
D:4:      layout_rooms, gammafunk_temple_overflow_statue,
          minmay_temple_entry_glass, fedhas_ov_isle_minmay
D:5:      layout_loops_ring
D:6:      layout_loops_ring, ebering_ghost_disaster_area
D:7:      minmay_razor_zed, layout_basic,
          grunt_temple_overflow_lords_of_destruction, kennysheep_mini,
          dancing_weapons_uskayaw, serial_shops, nicolae_shop_behind_doors, shop
Temple:   cyrus_temple_forest

Skill      XL: |  1  2  3  4  5  6  7 |
---------------+----------------------+-----
Spellcasting   | 3 4 5 |  5.8
Stealth        | 2 3 |  3.0
Dodging        | 2 3 |  3.8
Fighting       | 1 2 3 |  3.9
Summonings     | 4 |  4.8

Action                   |  1- 3 |  4- 6 |  7- 9 || total
-------------------------+-------+-------+-------++-------
Melee: Unarmed           |   167 |       |       ||   167
       Dagger            |    21 |   173 |   120 ||   314
 Cast: Summon Small Mamm |    62 |       |       ||    62
       Call Canine Famil |    12 |    12 |     9 ||    33
       Call Imp          |     8 |    12 |    14 ||    34
Invok: Curse Item        |       |     2 |     2 ||     4
  Use: Scroll            |     3 |       |     7 ||    10
 Stab: Sleeping          |     6 |     4 |     1 ||    11
       Distracted        |     2 |     1 |       ||     3
Armor: Robe              |    46 |    29 |    23 ||    98
Dodge: Dodged            |   157 |    98 |    75 ||   330
Block: Other             |       |    12 |    17 ||    29

Table legend:
 A = Non-vault XP
 B = Vault XP
 C = Vault XP percentage of total XP
 D = Non-vault monster count
 E = Vault monster count
 F = Vault count percentage of total count
                 A         B        C        D         E       F
            +---------+---------+-------+---------+---------+-------
      Total |    1324 |      11 |   0.8 |     125 |       9 |   6.7
            +---------+---------+-------+---------+---------+-------
        D:1 |      31 |      11 |  26.2 |      21 |       9 |  30.0
        D:2 |      54 |       0 |   0.0 |      33 |       0 |   0.0
        D:3 |     199 |       0 |   0.0 |      30 |       0 |   0.0
        D:4 |     282 |       0 |   0.0 |      14 |       0 |   0.0
        D:5 |     218 |       0 |   0.0 |      13 |       0 |   0.0
        D:6 |     405 |       0 |   0.0 |      12 |       0 |   0.0
        D:7 |     135 |       0 |   0.0 |       2 |       0 |   0.0
            +---------+---------+-------+---------+---------+-------
